Map: Dreamcatcher LE

Players

Elazer

  • Race: Zerg Zerg
  • League: Grandmaster
  • Spawn Location: 11:00

HeRoMaRinE - Winner!

  • Race: Terran Terran
  • League: Master
  • Spawn Location: 5:00

Event: HomeStory Cup XVII

VOD

Have the link to the VOD?

Description

Time

  • Played on: June 29, 2018, 11:34 a.m.
  • Length: 14:23

All games in this series

Show
View Real Time Build Order
Export as new Build Order

Elazer Zerg 

Build Orders: Hatch First 

Get SALT Encoding   

  12  0:00  Drone  
  13  0:11  Overlord  
  13  0:16  Drone  
  14  0:30  Drone  
  14  0:31  Drone  
  16  0:48  Hatchery  
  15  0:50  Drone  
  15  0:54  Drone  
  17  0:58  Drone  
  18  1:08  Extractor  
  17  1:13  Spawning Pool  
  17  1:16  Drone  
  17  1:19  Drone  
  18  1:27  Drone  
  19  1:39  Drone  
  20  1:48  Drone  
  21  1:59  Queen x2  
  21  2:00  Zergling x4  
  27  2:13  Hatchery  
  26  2:19  Overlord  
  26  2:22  Drone  
  27  2:26  Drone  
  28  2:31  Metabolic Boost  
  28  2:37  Drone x3  
  31  2:48  Queen  
  33  2:52  Overlord  
  33  2:54  Drone  
  33  2:56  Drone  
  35  2:58  Drone  
  36  3:11  Drone x5  
  41  3:15  Overlord  
  41  3:22  Drone  
  41  3:25  Queen  
  41  3:26  Drone  
  41  3:27  Drone  
  46  3:30  Queen  
  48  3:34  Overlord  
  48  3:38  Drone x2  
  50  3:43  Zergling x6  
  50  3:47  Overlord  
  52  3:50  Overlord  
  51  3:59  Drone x3  
  51  4:01  Drone x2  
  53  4:05  Drone  
  53  4:10  Overlord  
  53  4:15  Drone x2  
  53  4:16  Queen  
  55  4:24  Drone x3  
  57  4:33  Spore Crawler, Zergling x12  
  62  4:38  Extractor  
  62  4:39  Evolution Chamber  
  62  4:40  Overlord, Evolution Chamber  
  62  4:41  Drone  
  62  4:43  Drone  
  62  4:44  Drone x2  
  63  4:46  Drone  
  63  4:48  Overlord  
  63  4:49  Drone  
  63  4:51  Drone  
  63  4:52  Drone  
  67  4:55  Overlord  
  67  4:56  Drone  
  68  5:02  Overlord  
  68  5:03  Drone, Extractor  
  68  5:04  Drone x2  
  68  5:05  Drone  
  71  5:10  Zerg Ground Armor Level 1  
  71  5:11  Overlord, Drone  
  72  5:21  Zergling x10  
  72  5:25  Queen  
  72  5:26  Zerg Melee Weapons Level 1  
  79  5:37  Overlord  
  79  5:38  Drone x8  
  87  5:44  Overlord  
  87  5:47  Lair  
  87  5:48  Drone  
  88  5:50  Extractor  
  88  5:51  Extractor  
  88  5:52  Overlord  
  88  5:54  Drone  
  87  5:59  Overlord  
  87  6:02  Baneling Nest  
  87  6:03  Drone x6  
  92  6:11  Overlord  
  92  6:12  Drone  
  92  6:18  Overlord  
  92  6:19  Drone  
  92  6:22  Overlord  
  92  6:25  Hatchery  
  90  6:30  Spore Crawler, Overlord  
  88  6:34  Zergling x2  
  88  6:35  Zergling x6  
  88  6:38  Hatchery  
  91  6:41  Zergling x2  
  92  6:47  Centrifical Hooks  
  92  6:48  Zergling x4  
  92  6:49  Hydralisk Den  
  93  6:54  Zergling x6  
  93  6:55  Baneling  
  93  6:56  Baneling x3  
  93  6:59  Zergling x12  
  102  7:03  Overlord  
  102  7:07  Zergling x6  
  102  7:08  Zerg Ground Armor Level 2  
  105  7:10  Zergling x2  
  105  7:18  Zergling x4  
  105  7:19  Burrow  
  105  7:21  Muscular Augments  
  105  7:22  Zerg Melee Weapons Level 2  
  107  7:25  Zergling x16  
  115  7:31  Overlord  
  115  7:32  Overlord  
  115  7:41  Drone x2  
  115  7:43  Overlord  
  117  7:45  Hydralisk x4  
  117  7:47  Baneling x8  
  125  7:53  Zergling x18  
  134  7:58  Drone x4  
  134  8:04  Drone x4  
  140  8:07  Drone  
  141  8:16  Overlord  
  141  8:17  Hydralisk  
  141  8:18  Hydralisk x4  
  150  8:23  Overlord  
  150  8:25  Spore Crawler  
  150  8:26  Overlord  
  148  8:30  Hydralisk x4  
  153  8:38  Grooved Spines  
  153  8:39  Drone x4  
  156  8:51  Zergling x30  
  162  9:03  Overlord  
  162  9:04  Hydralisk  
  162  9:05  Hydralisk x2  
  168  9:11  Hydralisk x2  
  168  9:12  Zergling x10  
  168  9:14  Baneling x4  
  168  9:15  Baneling x2  
  168  9:16  Baneling  
  177  9:19  Baneling x7  
  177  9:21  Baneling  
  177  9:27  Zergling x10  
  177  9:28  Hatchery, Zergling x4  
  177  9:30  Zergling x2  
  177  9:31  Zergling x6  
  183  9:37  Zergling x10  
  169  9:46  Overlord  
  169  9:48  Hydralisk  
  169  9:51  Zergling x18  
  174  9:53  Lair  
  174  9:56  Zerg Missile Weapons Level 1  
  173  10:10  Drone, Hatchery  
  173  10:11  Drone  
  173  10:12  Hydralisk x2  
  173  10:13  Zergling x16  
  186  10:19  Zergling x2  
  172  10:22  Zergling x2  
  172  10:23  Zergling x2  
  172  10:25  Baneling  
  172  10:26  Baneling x8  
  168  10:31  Drone x4  
  168  10:32  Baneling x3  
  172  10:36  Overlord, Hydralisk  
  172  10:41  Baneling x5  
  174  10:44  Zergling x6  
  176  10:53  Zergling x10  
  177  11:03  Hydralisk  
  177  11:04  Hydralisk, Zergling x2  
  173  11:05  Zergling x14  
  173  11:11  Overlord  
  185  11:13  Zergling x2  
  185  11:19  Zergling x8  
  189  11:26  Zergling x8  
  192  11:35  Zergling x16  
  192  11:38  Baneling x6  
  190  11:49  Zergling x22  
  178  11:56  Zergling x12  
  170  12:02  Zergling x18  
  170  12:04  Baneling x3  
  170  12:06  Zergling x2  
  170  12:07  Zergling x4  
  170  12:09  Baneling  
  170  12:10  Baneling x21  
  170  12:11  Zergling x4  
  164  12:17  Hydralisk x4  
  170  12:23  Hydralisk x3  
  170  12:25  Zergling x2  
  170  12:26  Zergling x6  
  180  12:36  Zergling x12  
  186  12:41  Zergling x6  
  182  12:46  Zergling x2  
  182  12:47  Zergling x4  
  166  13:03  Zergling x12  
  155  13:09  Hydralisk x2, Hatchery  
  155  13:10  Hydralisk  
  161  13:12  Zergling x2  
  161  13:15  Zergling x2  
  161  13:16  Zergling x2  
  161  13:18  Zergling x2  
  161  13:19  Hatchery  
  163  13:23  Infestation Pit  
  163  13:26  Zergling x8  
  166  13:31  Zergling x4  
  144  13:35  Zergling x4  
  144  13:40  Hydralisk x2  
  146  13:44  Hydralisk  
  146  13:49  Hydralisk x2  
  146  13:52  Hatchery  
  146  13:54  Hydralisk  
  146  13:55  Hydralisk x5  
  159  13:56  Zergling x2  
  159  14:01  Hatchery  
  159  14:05  Zergling x6  
Show
View Real Time Build Order
Export as new Build Order

HeRoMaRinE Terran - Winner!

Build Orders: Hellion Opening, Reaper Expand, MMM Bio 

Get SALT Encoding   

  12  0:00  SCV  
  13  0:12  SCV  
  14  0:17  Supply Depot  
  14  0:24  SCV  
  15  0:39  SCV  
  15  0:40  Barracks  
  16  0:43  Refinery  
  16  0:51  SCV  
  17  1:03  SCV  
  18  1:15  SCV  
  19  1:27  Reaper  
  19  1:28  Orbital Command  
  20  1:40  Command Center  
  20  1:50  Supply Depot  
  20  1:53  SCV  
  21  1:58  Marine  
  22  2:05  SCV  
  22  2:07  Factory  
  23  2:10  Refinery  
  23  2:18  SCV  
  23  2:20  Barracks Reactor  
  24  2:30  SCV  
  25  2:42  SCV  
  26  2:53  Orbital Command  
  26  2:54  Starport, SCV  
  27  3:02  Hellion x2  
  31  3:06  SCV  
  31  3:11  Barracks Tech Lab  
  32  3:18  SCV  
  32  3:19  SCV  
  34  3:21  Supply Depot  
  34  3:24  Hellion x2  
  38  3:30  SCV  
  38  3:31  SCV  
  40  3:35  Viking  
  40  3:38  Marine  
  43  3:42  SCV  
  43  3:43  SCV  
  43  3:46  Hellion x2  
  49  3:54  SCV  
  50  3:55  SCV  
  50  4:01  Marine  
  47  4:02  Supply Depot  
  47  4:03  Stimpack  
  47  4:08  SCV x2  
  53  4:12  Medivac  
  53  4:16  Cyclone  
  54  4:24  Cyclone, Marine, SCV x2  
  54  4:29  Supply Depot  
  60  4:36  SCV x2  
  60  4:38  Command Center  
  62  4:43  Starport Reactor  
  62  4:51  Marine, SCV x2  
  65  4:52  Barracks x2  
  65  4:58  Supply Depot  
  65  5:03  SCV x2  
  67  5:08  Factory Tech Lab  
  67  5:09  Engineering Bay x2  
  67  5:13  Marine  
  68  5:15  SCV x2  
  68  5:19  Refinery  
  68  5:20  Refinery  
  70  5:27  SCV x2  
  72  5:29  Siege Tank  
  72  5:31  Marine  
  74  5:37  Starport Reactor  
  74  5:39  SCV x2  
  76  5:45  Barracks  
  76  5:46  Barracks  
  76  5:47  Terran Infantry Armor Level 1, Terran Infantry Weapons Level 1  
  76  5:49  Marine x2  
  77  5:50  Marine x3  
  77  5:52  Orbital Command  
  77  5:53  SCV  
  82  5:57  SCV  
  82  6:00  Supply Depot  
  82  6:04  Combat Shields  
  83  6:05  SCV  
  83  6:07  Marine x4  
  83  6:08  Marine  
  89  6:15  SCV  
  89  6:17  SCV  
  89  6:18  Orbital Command, Medivac  
  91  6:20  Medivac  
  91  6:25  Marine x5  
  85  6:27  SCV  
  85  6:29  SCV  
  90  6:38  Supply Depot  
  90  6:39  Barracks Reactor x2, SCV  
  91  6:40  Supply Depot, Siege Tank  
  91  6:41  SCV  
  91  6:43  Marine x5  
  91  6:44  Supply Depot  
  91  6:46  SCV  
  101  6:59  SCV x3  
  101  7:00  Supply Depot  
  101  7:01  Armory, Marine x4, Supply Depot  
  106  7:03  Marine  
  109  7:11  SCV x3  
  109  7:15  Medivac x2  
  114  7:17  Refinery  
  114  7:18  Marine x3  
  114  7:19  Marine x3  
  114  7:20  Marine x2  
  114  7:21  Marine  
  125  7:23  SCV  
  125  7:26  Supply Depot  
  126  7:36  Marine x5  
  126  7:37  Marine  
  130  7:38  Marine x2  
  130  7:39  Marine, Siege Tank  
  130  7:42  Supply Depot, Barracks x2  
  138  7:45  Supply Depot  
  138  7:49  Terran Infantry Weapons Level 2  
  138  7:51  Terran Infantry Armor Level 2  
  138  7:53  Marine  
  138  7:54  Marine  
  138  7:55  Missile Turret  
  138  7:56  Barracks  
  140  8:06  Marine x6  
  140  8:12  Marauder  
  148  8:13  Marine x2  
  150  8:20  Medivac x2, Siege Tank  
  150  8:23  Marine  
  150  8:25  Marine x2  
  160  8:27  Supply Depot x2, Marine x2  
  160  8:31  Barracks Tech Lab  
  160  8:32  Barracks Tech Lab  
  160  8:33  Marauder  
  164  8:35  Marine  
  164  8:40  Marine  
  165  8:48  Marine x3  
  165  8:50  Medivac x2  
  165  8:54  Marauder  
  165  8:55  Barracks Tech Lab  
  174  8:56  Marauder x2, Concussive Shells  
  174  8:59  Marine x2  
  180  9:03  Command Center  
  180  9:05  Marine  
  180  9:07  Marine  
  181  9:10  Supply Depot  
  181  9:12  Marine x2  
  181  9:14  Marauder, Marine  
  181  9:15  Marine  
  181  9:16  Marauder  
  189  9:20  Supply Depot  
  189  9:29  Marine x3  
  189  9:30  Marauder  
  188  9:32  Marauder  
  188  9:33  Marine x3  
  188  9:34  Marine x2  
  188  9:35  Marauder  
  191  9:38  Marauder  
  182  9:47  Marine x3  
  182  9:50  Marine  
  182  9:51  Marine, Marauder  
  171  9:53  Marauder, Marine x2  
  171  9:54  Marine  
  171  9:57  Marauder  
  177  10:00  Marauder  
  177  10:05  Marine x3  
  173  10:07  Terran Infantry Weapons Level 3  
  173  10:08  Marine, Terran Infantry Armor Level 3  
  173  10:09  Siege Tank  
  173  10:12  Marauder  
  173  10:13  Medivac x2  
  183  10:14  Marauder  
  183  10:17  Marine x2  
  184  10:21  Marauder  
  184  10:27  Marauder  
  178  10:34  Marauder  
  180  10:36  Marauder, Marine x4  
  180  10:40  Marine x2  
  190  10:43  Medivac x2, Marauder  
  190  10:46  Missile Turret  
  194  10:55  Marauder x2  
  197  11:02  Marine  
  197  11:03  Marine  
  199  11:07  Terran Vehicle Weapons Level 1  
  199  11:10  Planetary Fortress  
  199  11:25  Command Center  
  199  11:26  Barracks  
  199  11:27  Barracks  
  199  11:44  Marine x2  
  199  11:46  Marine  
  199  11:47  Marine x2  
  198  11:48  Marauder  
  198  11:50  Marine  
  198  11:51  Marine x2  
  198  11:52  Marine  
  198  11:54  Marauder  
  168  12:03  Medivac x2  
  168  12:04  Marauder, Marine x2  
  168  12:05  Marine  
  168  12:06  Marine x2  
  163  12:10  Marauder x2  
  163  12:14  Marine  
  163  12:15  Marine x2, Marauder  
  167  12:19  Barracks Tech Lab x2  
  167  12:20  Barracks Reactor  
  167  12:22  Marine x2  
  169  12:24  Barracks  
  169  12:25  Marauder  
  171  12:30  Marine x3  
  171  12:31  Marauder x2, Siege Tank  
  171  12:32  Marine x2  
  171  12:35  Medivac x2  
  171  12:36  Marauder  
  189  12:38  Marauder  
  189  12:40  Marine x2  
  189  12:41  Marine  
  191  12:47  Marauder  
  191  12:48  Marine  
  191  12:49  Marine x2  
  196  12:52  Marine x2, Marauder  
  189  13:00  Marauder  
  189  13:01  Marine x2  
  176  13:08  Medivac x2  
  176  13:09  Marauder  
  176  13:10  Marauder x2, Marine  
  176  13:12  Marine x4  
  190  13:14  Marauder  
  193  13:21  Ghost Academy, Marauder  
  195  13:30  Marine x2  
  195  13:31  Marauder x2  
  195  13:32  Marine x2, Marauder  
  192  13:40  Marauder  
  194  13:42  Marine x3  
  194  13:43  Marauder, Marine x2  
  194  13:45  Marine  
  194  13:47  Medivac x2  
  194  13:48  Marine  
  191  13:52  Marauder x2  
  191  13:53  Marauder  
  191  14:01  Marine x3, Marauder  
  196  14:05  Barracks Tech Lab  
Tags
 
Add a new tag
Caveats
  • Supply blocks, unpowered buildings, or Contaminate may cause inaccurate times.
  • Supply counts are checked every 10 seconds.